 Dungeon Crawl Stone Soup version 0.23.2-1-ga50397a6bc (webtiles) character file.

Game seed: 9315405310510990630

2734 Hanswurst the Cleaver (level 9, 0/79 HPs)
             Began as a Hill Orc Warper on May 18, 2019.
             Was a Priest of Makhleb.
             Splashed by an orc wizard's acid (15 damage)
             ... on level 7 of the Dungeon.
             The game lasted 01:04:43 (8968 turns).

Hanswurst the Cleaver (Hill Orc Warper)             Turns: 8968, Time: 01:04:43

Health: 0/79       AC: 13    Str: 17    XL:     9   Next: 67%
Magic:  12/12      EV:  9    Int: 13    God:    Makhleb [***...]
Gold:   415        SH:  0    Dex: 10    Spells: 12/12 levels left

rFire    . . .     SeeInvis .   x - +0 hand axe
rCold    . . .     Gourm    .   (no shield)
rNeg     . . .     Faith    .   r - +0 chain mail
rPois    .         Spirit   .   F - +0 helmet
rElec    .         Reflect  .   b - +0 cloak
rCorr    .         Harm     +   (no gloves)
MR       .....                  (no boots)
Stlth    ..........             i - amulet of harm
HPRegen  0.23/turn              g - +1 ring of evasion
MPRegen  0.13/turn              (no ring)

@: about to teleport
A: no striking features
a: Minor Destruction, Lesser Servant of Makhleb, Renounce Religion


You were on level 7 of the Dungeon.
You worshipped Makhleb.
Makhleb was most pleased with you.
You were not hungry.

You visited 2 branches of the dungeon, and saw 8 of its levels.
You also visited: Sewer and Ossuary.

You collected 415 gold pieces.

Inventory:

Hand Weapons
 a - a +0 hand axe
 p - a +1 long sword of slicing
 w - a +0 vampiric dagger
 x - a +0 hand axe (weapon)
 y - a +1 mace of protection
 D - a +3 dagger of holy wrath
 K - a +2 dagger of flaming
 M - a +0 morningstar
Missiles
 e - 5 tomahawks of dispersal
 k - 8 javelins (quivered)
 m - 15 tomahawks
Armour
 b - a +0 cloak (worn)
 r - a +0 chain mail (worn)
 s - a +0 ring mail
 A - a +0 scale mail
 F - a +0 helmet (worn)
 R - a +2 leather armour of poison resistance
Jewellery
 g - a +1 ring of evasion (left hand)
 i - an amulet of harm (around neck)
 I - a +5 ring of intelligence
Wands
 N - a wand of iceblast (13)
Scrolls
 c - 2 scrolls of amnesia
 d - 3 scrolls of blinking
 h - 4 scrolls of identify
 j - a scroll of random uselessness {unknown}
 l - 6 scrolls of teleportation
 u - a scroll of fear {unknown}
 B - 2 scrolls of fog {unknown}
 C - 8 scrolls of remove curse
 H - a scroll of magic mapping {unknown}
 J - a scroll of immolation {unknown}
 O - a scroll of holy word {unknown}
 P - a scroll of enchant weapon {unknown}
Potions
 n - a potion of invisibility
 o - 2 potions of lignification
 q - 5 potions of flight
 t - 2 potions of heal wounds
 v - 6 potions of curing
 z - 5 potions of mutation
 E - a potion of might
 G - 2 potions of ambrosia {unknown}
 L - a potion of berserk rage
Comestibles
 f - 20 rations
 Q - 11 chunks of flesh


   Skills:
 + Level 7.1 Fighting
 + Level 11.0 Axes
 + Level 1.3 Throwing
 + Level 7.8 Armour
 + Level 3.0 Dodging
 + Level 0.9 Stealth
 + Level 2.1 Spellcasting
   Level 2.4 Translocations


You had 12 spell levels left.
You didn't know any spells.
Your spell library contained the following spells:

 Spells                   Type           Power        Failure   Level  Hunger
 Apportation              Tloc           #.....       71%         1    ##.....
 Blink                    Tloc           N/A          83%         2    ###....
 Animate Skeleton         Necr           N/A          95%         1    ##.....
 Confusing Touch          Hex            #.....       95%         1    ##.....
 Summon Small Mammal      Summ           #...         95%         1    ##.....
 Shroud of Golubria       Chrm/Tloc      #.........   95%         2    ###....
 Gell's Gravitas          Tloc           #.........   97%         3    ####...
 Lesser Beckoning         Tloc           #.........   97%         3    ####...
 Teleport Other           Tloc           #.......     97%         3    ####...
 Confuse                  Hex            #.......     100%        3    ####...
 Passage of Golubria      Tloc           N/A          100%        4    #####..
 Petrify                  Tmut/Erth      #.......     100%        4    #####..
 Metabolic Englaciation   Hex/Ice        #.........   100%        5    ######.
 Yara's Violent Unravell  Hex/Tmut       #.........   100%        5    ######.


Dungeon Overview and Level Annotations

Branches:
Dungeon (7/15)             Temple (1/1) D:5

Altars:
Ashenzari
Cheibriados
Dithmenos
Elyvilon
Fedhas
Gozag
Hepliaklqana
Kikubaaqudgha
Makhleb
Okawaru
Sif Muna
Uskayaw
Vehumet
Wu Jian
Xom
Yredelemnul
Zin

Shops:
D:4 ::}:}

Annotations:
D:2 Sigmund, Terence
D:5 Grinder


Message History

Something hits you but does no damage.
You feel much better.
The orc wizard hits you but does no damage.
You hear some strange, mumbled words.
A puff of flame appears from out of thin air!
The puff of flame hits you but does no damage.
The orc wizard points at you and mumbles some strange words.
The magic dart hits you but does no damage.
The orc wizard zaps a wand.
The bolt of acid hits something!
The acid corrodes something!
Reactivating autopickup.
You feel a bit more experienced. The bolt of acid hits you!
You are splashed with acid!
* * * LOW HITPOINT WARNING * * *
As you read the scroll of teleportation, it crumbles to dust.
You feel strangely unstable.
The orc wizard zaps a wand.
The bolt of acid hits you but does no damage.
You are splashed with acid!
You die...

)......# # ..#
######.############. ###.## .
#).............###..))##....
#).###.........>.#....(..... #..#
#.####### #..o.##...... ###
#.)###.#### #...## ..._. ..##
#.........######....# ....
##.####.###.##.#...ooo#..........
###.##..###.#...@####.#.#..##. ..
............>.#..# #.....## .
.##.##.####.#...## #.#.#.#
.#)###.# #.##.## #.#.#.. ..## #.#
#.##.######.#.# ## .## #.#
#...........#.# .# #.#
####.######## .# #)# #.........
.# #.# #..#######


You could see an orc wizard and 2 orcs.

Vanquished Creatures
  A water moccasin (D:7)
  Duvessa (D:6)
  2 orc warriors
  A sky beast (D:6)
  A phantom (D:5)
  2 centaurs
  A big kobold (Sewer)
  4 bullfrogs
  Dowan (D:6)
  4 water moccasin zombies (Ossuary)
  6 scorpions
  3 crimson imps
  A bullfrog skeleton (D:5)
  2 orc priests (D:4)
  5 hounds
  A jelly (D:5)
  10 orc wizards
  Jessica (D:2)
  An iguana (D:6)
  A worker ant (D:6)
  2 big kobold zombies (Ossuary)
  A hound zombie (D:6)
  2 mummies (Ossuary)
  A howler monkey skeleton (D:6)
  2 gnolls (D:6)
  7 adders
  A river rat (Sewer)
  2 shadow imps
  3 adder zombies
  An adder skeleton (D:7)
  4 worms
  A dart slug (D:2)
  6 leopard geckos
  27 orcs
  A ball python (D:3)
  8 giant cockroaches
  6 gnoll zombies
  9 goblins
  8 hobgoblins
  8 jackals
  A quokka (D:3)
  4 bats
  6 frilled lizards
  A giant cockroach zombie (D:6)
  2 hobgoblin zombies (Ossuary)
  14 kobolds
  6 kobold zombies (Ossuary)
  A leopard gecko zombie (D:6)
  7 orc zombies (Ossuary)
  A quokka skeleton (D:5)
  13 rats
205 creatures vanquished.

Vanquished Creatures (others)
  An orc wizard (D:7)
  A bat (D:3)
2 creatures vanquished.

Grand Total: 207 creatures vanquished

Notes
Turn   | Place    | Note
-------+----------+-------------------------------------------
     0 | D:1      | Hanswurst the Hill Orc Warper began the quest for the Orb.
     0 | D:1      | Reached XP level 1. HP: 18/18 MP: 3/3
   180 | D:1      | Reached skill level 3 in Axes
   182 | D:1      | Reached XP level 2. HP: 17/25 MP: 4/4
   602 | D:1      | Reached XP level 3. HP: 30/30 MP: 6/6
  1383 | D:2      | Noticed Jessica
  1391 | D:2      | Killed Jessica
  1391 | D:2      | Reached skill level 4 in Axes
  1391 | D:2      | Reached XP level 4. HP: 17/37 MP: 7/7
  1624 | D:2      | Found a hazy altar of Hepliaklqana.
  1624 | D:2      | Found a hide-covered altar of Uskayaw.
  1855 | D:2      | Noticed Terence
  2342 | D:2      | Noticed Sigmund
  2684 | D:3      | Reached XP level 5. HP: 22/45 MP: 8/8
  2786 | D:3      | Found a glowing drain.
  2807 | Sewer    | Entered a sewer
  2824 | Sewer    | Reached skill level 5 in Axes
  3085 | Sewer    | Noticed a big kobold
  3122 | Sewer    | Killed a big kobold
  3122 | Sewer    | Reached skill level 1 in Throwing
  3122 | Sewer    | Reached XP level 6. HP: 19/52 MP: 9/9
  3375 | Sewer    | Found a white marble altar of Elyvilon.
  3991 | D:4      | Found Nafeid's Book Boutique.
  4182 | D:4      | Found Xizijiapn's Book Emporium.
  4215 | D:4      | Found Oggaut's Gadget Shoppe.
  4261 | D:4      | Found Giwilan's Book Emporium.
  4271 | D:4      | Reached skill level 6 in Axes
  4488 | D:4      | Found Fopnumur's Gadget Shoppe.
  4517 | D:4      | Reached XP level 7. HP: 50/59 MP: 10/10
  5024 | D:5      | Entered Level 5 of the Dungeon
  5032 | D:5      | Found a staircase to the Ecumenical Temple.
  5057 | D:5      | Reached skill level 7 in Axes
  5091 | D:5      | Found a shattered altar of Ashenzari.
  5201 | Temple   | Entered the Ecumenical Temple
  5318 | Temple   | Became a worshipper of Makhleb the Destroyer
  5637 | D:5      | Found a basalt altar of Yredelemnul.
  5818 | D:5      | Reached skill level 8 in Axes
  5818 | D:5      | Reached XP level 8. HP: 34/67 MP: 11/11
  6293 | D:6      | Noticed Grinder
  6337 | D:5      | Reached skill level 5 in Fighting
  6337 | D:5      | Reached skill level 5 in Armour
  6440 | D:5      | Paralysed by Grinder for 4 turns
  6485 | D:6      | Reached * piety under Makhleb
  6892 | D:6      | Reached skill level 9 in Axes
  7221 | D:6      | Noticed Duvessa
  7223 | D:6      | Noticed Dowan
  7235 | D:6      | Killed Duvessa
  7235 | D:6      | Reached XP level 9. HP: 54/77 MP: 12/12
  7237 | D:6      | Killed Dowan
  7430 | D:6      | Found a white marble altar of Elyvilon.
  7638 | D:6      | Found an ancient bone altar of Kikubaaqudgha.
  7768 | D:6      | Found an iron altar of Okawaru.
  7998 | D:7      | Reached ** piety under Makhleb
  8216 | D:7      | Found a sand-covered staircase.
  8225 | Ossuary  | Entered an ossuary
  8280 | Ossuary  | Reached skill level 10 in Axes
  8551 | D:7      | Reached *** piety under Makhleb
  8939 | D:7      | Found a shadowy altar of Dithmenos.
  8957 | D:7      | Reached skill level 11 in Axes
  8968 | D:7      | Splashed by an orc wizard's acid

Skill      XL: |  1  2  3  4  5  6  7  8  9 |
---------------+----------------------------+-----
Axes           | 3 4 5 6 8 9 11 | 11.0
Spellcasting   | 2 |  2.1
Fighting       | 3 4 6 7 |  7.1
Armour         | 2 3 4 6 7 |  7.8
Throwing       | 1 |  1.3
Dodging        | 2 3 |  3.0
Stealth        | |  0.9
Translocations | |  2.4

Action                   |  1- 3 |  4- 6 |  7- 9 || total
-------------------------+-------+-------+-------++-------
Melee: Hand axe          |    96 |   300 |   641 ||  1037
Throw: Javelin           |     1 |     4 |     8 ||    13
  Use: Potion            |       |     6 |     2 ||     8
       Scroll            |       |     4 |     6 ||    10
  Eat: Chunk             |     1 |    11 |    15 ||    27
Armor: Leather armour    |    17 |     3 |       ||    20
       Chain mail        |       |   172 |   337 ||   509
       Skin              |       |    14 |       ||    14
       Ring mail         |       |     2 |       ||     2
Dodge: Dodged            |    68 |   138 |   222 ||   428
